 Dungeon Crawl Stone Soup version 0.30-a0-639-g3916f1956a (webtiles) character file.

Game seed: 10733900926160294964

436 lesbiats the Ruffian (level 6, -3/62 HPs)
             Began as a Troll Fighter on Jan 16, 2023.
             Slain by a ghost moth (8 damage)
             ... on level 1 of the Abyss.
             The game lasted 00:10:33 (2769 turns).

lesbiats the Ruffian (Troll Fighter)                Turns: 2769, Time: 00:10:34

Health: -3/62      AC:  5    Str: 25    XL:     6   Next: 68%
Magic:  0/5        EV:  8    Int:  6    God:
Gold:   254        SH:  8    Dex:  9    Spells: 5/5 levels left

rFire   . . .      SeeInvis .      - Unarmed
rCold   . . .      Faith    .    b - +0 kite shield
rNeg    . . .      Spirit   .    a - +0 robe
rPois   .          Reflect  .    (helmet restricted)
rElec   .          Harm     .    r - +0 cloak
rCorr   .          Rampage  .    (gloves unavailable)
Will    .....                    (boots unavailable)
Stlth   +                        n - amulet of magic regeneration
HPRegen 1.10/turn                (no ring)
MPRegen 0.49/turn                (no ring)

@: no status effects
A: large, unfitting armour, claws 3, regeneration 1, shaggy fur 1, tough skin 1
a: no special abilities


You were on level 1 of the Abyss.
You visited 1 branch of the dungeon, and saw 5 of its levels.
You visited the Abyss 1 time.
You also visited: Ossuary.

You collected 310 gold pieces.
You spent 56 gold pieces at shops.

Inventory:

Missiles
 d - 12 poisoned darts (quivered)
 s - 13 boomerangs
 v - 2 javelins
Armour
 a - a +0 robe (worn)
 b - a +0 kite shield (worn)
 r - a +0 cloak (worn)
Jewellery
 n - an amulet of magic regeneration (around neck)
Scrolls
 e - 3 scrolls of noise
 g - 2 scrolls of immolation
 k - a scroll of enchant weapon {unknown}
 o - 4 scrolls of teleportation
 p - 2 scrolls of vulnerability {unknown}
 w - 2 scrolls of blinking {unknown}
 x - a scroll of fog {unknown}
Potions
 c - 2 potions of might
 f - 2 potions of curing
 h - 3 potions of flight
 i - 4 potions of heal wounds
 j - 5 potions of brilliance
 l - a potion of attraction {unknown}
 m - a potion of lignification {unknown}
 q - 3 potions of resistance
 t - a potion of magic {unknown}
 u - a potion of mutation {unknown}
 z - 2 potions of berserk rage
 A - a potion of cancellation {unknown}


   Skills:
 + Level 3.7 Fighting
 - Level 2.4 Dodging
 + Level 4.1 Shields
 * Level 5.3 Unarmed Combat


You had 5 spell levels left.
You didn't know any spells.
Your spell library was empty.

Dungeon Overview and Level Annotations

Branches:
Dungeon (5/15)            Ossuary (visited)
 Temple: D:4-7

Altars:
Uskayaw

Shops:
D:1 =   D:4 ??=!


Innate Abilities, Weirdness & Mutations

You are too large for most types of armour.
You have claws for hands.
Your natural rate of healing is unusually fast.
You are covered in fur. (AC +1)
You have tough skin. (AC +1)


Message History

Found a gateway leading deeper into the Abyss.
You start resting.
HP restored.
There is an empty arch of ancient stone here.
There is nothing on the other side of the stone arch.
Found a corrupted altar of Lugonu.
You are not religious.
Unknown command.
You feel you are being watched by something.
You feel your power leaking away.
You feel you are being watched by something.
You feel your power leaking away.
You feel you are being watched by something.
You feel your power leaking away.
You feel you are being watched by something.
You feel you are being watched by something.
You feel your power leaking away.
A tormentor comes into view.
You feel you are being watched by something.
The tormentor calls on the powers of darkness!
Your body is wracked with pain!
You feel you are being watched by something.
You feel your power leaking away.
The tormentor calls on the powers of darkness!
Your body is wracked with pain!
Something is bathed in an unholy light!
You feel you are being watched by something.
You feel your power leaking away.
You feel you are being watched by something.
The tormentor calls on the powers of darkness!
Something is bathed in an unholy light!
Your body is wracked with pain!
* * * LOW HITPOINT WARNING * * *
You feel you are being watched by something.
You feel your power leaking away.
You feel you are being watched by something.
The tormentor attacks as you move away! You block the tormentor's attack.
The tormentor completely misses you. Something hits you!
* * * LOW HITPOINT WARNING * * *
Deactivating autopickup; reactivate with Ctrl-A.
Something hits you but does no damage. Something stings you!
You die...

....###....#......
#.....#......#...
###...###...###..
.#.....#.....#...
...................
...................
...................
...#.....#2....#...
. ###...###@..## ..
#. ...#.....#
................
.................
................
.....#.....#...
.#..#..##.#..#. ..#
.. #.#.#


You could see a tormentor.

Vanquished Creatures
  2 hounds (D:4)
  A human zombie (Ossuary)
  Jessica (D:3)
  An orc wizard (D:4)
  3 hound zombies (Ossuary)
  4 mummies (Ossuary)
  3 adders
  7 gnolls
  2 adder zombies (Ossuary)
  2 worms
  A dart slug (D:3)
  5 orcs (D:4)
  6 ball pythons
  6 bats
  6 endoplasms
  2 giant cockroaches
  A gnoll zombie (Ossuary)
  6 goblins
  9 hobgoblins
  4 jackals (D:4)
  4 quokkas
  6 frilled lizards
  A hobgoblin zombie (Ossuary)
  A jackal zombie (Ossuary)
  6 kobolds
  A kobold zombie (Ossuary)
  5 rats
  2 rat zombies (Ossuary)
98 creatures vanquished.

Notes
Turn   | Place    | Note
-------+----------+-------------------------------------------
     0 | D:1      | lesbiats the Troll Fighter began the quest for the Orb.
     0 | D:1      | Reached XP level 1. HP: 22/22 MP: 0/0
    72 | D:1      | Reached XP level 2. HP: 29/29 MP: 1/1
   287 | D:1      | Found Giceg's Jewellery Shop.
   672 | D:2      | Found a faded altar of an unknown god.
   680 | D:2      | Reached XP level 3. HP: 36/36 MP: 2/2
   720 | D:1      | Reached skill level 3 in Unarmed Combat
   766 | D:2      | Reached XP level 4. HP: 37/44 MP: 3/3
   972 | D:2      | HP: 1/45 [gnoll/+0 flail (11)]
  1430 | D:3      | Identified the +1 leather armour of the Barnacled God
                  | {Stlth+}
  1676 | D:3      | Reached XP level 5. HP: 53/53 MP: 4/4
  1678 | D:3      | Reached skill level 4 in Unarmed Combat
  1832 | D:3      | Noticed Jessica
  1841 | D:3      | Killed Jessica
  2078 | D:4      | Found a sand-covered staircase.
  2087 | Ossuary  | Entered an ossuary
  2105 | Ossuary  | Reached XP level 6. HP: 46/61 MP: 5/5
  2139 | Ossuary  | Reached skill level 5 in Unarmed Combat
  2348 | D:4      | Found a hide-covered altar of Uskayaw.
  2439 | D:4      | Found Tafidazy's Magic Scroll Emporium.
  2482 | D:4      | Bought a scroll of identify for 28 gold pieces
  2482 | D:4      | Bought a scroll of identify for 28 gold pieces
  2527 | D:4      | Found Nabaniemu's Distillery.
  2562 | D:4      | Found Nimuem's Jewellery Emporium.
  2642 | D:4      | Found Nunodi's Magic Scroll Emporium.
  2687 | D:5      | Entered Level 5 of the Dungeon
  2690 | Abyss:1  | Cast into level 1 of the Abyss (gnoll sergeant)
  2745 | Abyss:1  | Found a corrupted altar of Lugonu.
  2761 | Abyss:1  | Noticed a tormentor
  2769 | Abyss:1  | Slain by a ghost moth

Illustrated notes

Levels and vault maps discovered:
D:1:      matt_arrival_grand_opening, layout_rooms, serial_shops,
          nicolae_square_shop, minmay_strange_pillars
D:2:      layout_loops_ring, hellmonk_ecumenical_altar_leap_of_faith
D:3:      layout_rooms, serial_glass, glass_columns_a, glass_columns_a,
          feat_on_display, minmay_strange_pillars, due_unseen_surprise,
          feat_on_display, kennysheep_jessica_study
D:4:      layout_basic, mainiacjoe_overflow_small_starburst, serial_shops,
          shop_statue, shop, shop, shop_fountains, nicolae_ossuary_entry_ruins
D:5:      layout_gridville, uniq_grinder, uniq_eustachio, uniq_ijyb
Abyss:1:  base: D:3, hangedman_abyss_sting

Skill      XL: |  1  2  3  4  5  6 |
---------------+-------------------+-----
Shields        | 3 4 |  4.1
Unarmed Combat | 3 4 5 |  5.3
Fighting       | 3 |  3.7
Dodging        | |  2.4

Action                   |  1- 3 |  4- 6 || total
-------------------------+-------+-------++-------
Melee: Unarmed           |    80 |   185 ||   265
  Use: Scroll            |       |     9 ||     9
       Potion            |       |     1 ||     1
Armor: Robe              |    20 |    87 ||   107
Dodge: Dodged            |    39 |   107 ||   146
Block: Kite shield       |    39 |    96 ||   135

Table legend: (Time is in decaauts)
 A = Elapsed time spent in this place.
 B = Non-inter-level travel time spent in this place.
 C = Inter-level travel time spent in this place.
 D = Time resting spent in this place.
 E = Time spent auto-exploring this place.
 F = Levels seen in this place.
 G = Mean time per level.
                   A        B        C        D        E       F      G
               +--------+--------+--------+--------+--------+-----+--------+
         Total |   2786 |   2589 |    197 |    111 |   1468 |   7 |  398.0 |
       Dungeon |   2476 |   2279 |    197 |     63 |   1349 |   5 |  495.2 |
         Abyss |     78 |     78 |      0 |     48 |      0 |   1 |   78.0 |
       Ossuary |    231 |    231 |      0 |      0 |    119 |   1 |  231.0 |
               +--------+--------+--------+--------+--------+-----+--------+

Top non-repeatable levels by time:
     D:2: 761 daAuts
     D:1: 627 daAuts
     D:3: 568 daAuts
     D:4: 517 daAuts
 Ossuary: 231 daAuts
 Abyss:1: 78 daAuts
     D:5: 2 daAuts
